 Dungeon Sprint DCSS version 0.21-a0-286-g6fcecc0 (webtiles) character file.

44 potatolord6000 the Skirmisher (level 3, -4/45 HPs)
             Began as an Ogre Fighter on Sept 27, 2017.
             Slain by a leopard gecko (5 damage)
             ... in the Dungeon (Sprint IX: "|||||||||||||||||||||||||||||").
             The game lasted 00:00:28 (41 turns).

potatolord6000 the Skirmisher (Ogre Fighter)          Turns: 41, Time: 00:00:29

Health: -4/45      AC: -5    Str: 26    XL:     3   Next: 60%
Magic:  3/3        EV: 11    Int:  9    God:
Gold:   0          SH:  0    Dex:  8    Spells: 2/2 levels left

rFire    . . .     SeeInvis .   a - +0 flail
rCold    . . .     Gourm    .   (no shield)
rNeg     . . .     Faith    .   b - +0 robe
rPois    .         Spirit   .   (helmet restricted)
rElec    .         Reflect  .   (no cloak)
rCorr    .         Harm     .   (gloves unavailable)
MR       .....     NoTele   +   (boots unavailable)
Stlth    +.........             (no amulet)
HPRegen  0.15/turn              (no ring)
MPRegen  0.08/turn              (no ring)

@: mighty, corroded
A: unfitting armour, tough skin 1
a: no special abilities


You were in the Dungeon.
You were not hungry.

You visited 1 branch

Inventory:

Hand Weapons
 a - a +0 flail (weapon)
Armour
 b - a +0 robe (worn)
Scrolls
 k - a scroll of blinking
Potions
 e - a potion of curing
 h - a potion of haste
 i - 2 potions of magic
 j - a potion of berserk rage
Comestibles
 f - a bread ration


   Skills:
 + Level 6.4 Fighting
 + Level 4.0 Maces & Flails
 + Level 4.4 Dodging
   Level 2.6 Shields


You had 2 spell levels left.
You didn't know any spells.

Dungeon Overview and Level Annotations

Branches:
Dungeon (1/1)

Altars:


Innate Abilities, Weirdness & Mutations

You are too large for most types of armour.
You have tough skin. (AC +1)


Message History

You miss the leopard gecko. The leopard gecko barely misses you.
You miss the leopard gecko. The leopard gecko misses you.
The leopard gecko bites you.
* * * LOW HITPOINT WARNING * * *
You barely miss the leopard gecko. The leopard gecko bites you.
* * * LOW HITPOINT WARNING * * *
You barely miss the leopard gecko.
The leopard gecko closely misses you. x2
You miss the leopard gecko. The leopard gecko closely misses you.
You barely miss the leopard gecko. The leopard gecko bites you.
* * * LOW HITPOINT WARNING * * *
The leopard gecko misses you.
You hit the leopard gecko but do no damage.
The leopard gecko bites you.
* * * LOW HITPOINT WARNING * * *
You closely miss the leopard gecko. The leopard gecko barely misses you.
The leopard gecko hisses menacingly.
The leopard gecko bites you.
* * * LOW HITPOINT WARNING * * *
You miss the leopard gecko. The leopard gecko bites you.
You die...

▓.▓
▓[▓
▓.▓
▓†▓
▓.▓
▓)▓
▓.▓
▓.▓
▓@▓
▓l▓
▓.▓
▓.▓
▓.▓
▓.▓
▓.▓
▓+▓


You could see a leopard gecko.

Vanquished Creatures
  A jelly (D)
  A dart slug (D)
  A leopard gecko (D)
  An orc (D)
  A giant cockroach (D)
  A hobgoblin (D)
  A kobold (D)
  A leopard gecko zombie (D)
  A rat (D)
9 creatures vanquished.

Notes
Turn   | Place    | Note
-------+----------+-------------------------------------------
     0 | D        | potatolord6000 the Ogre Fighter began the quest for the Orb.
     0 | D        | Reached XP level 1. HP: 24/24 MP: 1/1
    16 | D        | Reached XP level 2. HP: 33/33 MP: 2/2
    24 | D        | Reached skill level 5 in Fighting
    27 | D        | Reached skill level 6 in Fighting
    27 | D        | Reached XP level 3. HP: 5/45 MP: 3/3
    40 | D        | HP: 1/45 [leopard gecko (4)]
    41 | D        | Slain by a leopard gecko

Vault maps used:
D:        linesprint

Skill      XL: |  1  2  3 |
---------------+----------+-----
Maces & Flails | 2 3 4 |  4.0
Dodging        | 3 4 |  4.4
Fighting       | 6 |  6.4
Shields        | |  2.6

Action                   || total
-------------------------++-------
Melee: Flail             ||    23
  Use: Potion            ||     2
 Stab: Sleeping          ||     1
Armor: Robe              ||     1
Dodge: Dodged            ||    10

Table legend:
 A = Spawn XP
 B = Non-spawn XP
 C = Spawn XP percentage of total XP
 D = Spawn monster count
 E = Non-spawn monster count
 F = Spawn count percentage of total count
 G = Total turns spent on level
                    A         B        C        D         E        F      G
               +---------+---------+-------+---------+---------+-------+---------
         Total |       0 |      63 |   0.0 |       0 |       9 |   0.0 |    41
               +---------+---------+-------+---------+---------+-------+---------
             D |       0 |      63 |   0.0 |       0 |       9 |   0.0 |    41
               +---------+---------+-------+---------+---------+-------+---------
